 Dungeon Crawl Stone Soup version 0.21.1-1-g345015fe64 (webtiles) character file.

44593 tasys the Severer (level 13, -4/118 HPs)
             Began as a Minotaur Berserker on May 27, 2018.
             Was a High Priest of Trog.
             Slain by a catoblepas (11 damage)
             ... on level 6 of the Lair of Beasts on May 28, 2018.
             The game lasted 03:33:56 (17460 turns).

tasys the Severer (Minotaur Berserker)             Turns: 17460, Time: 03:33:58

Health: -4/118     AC: 30    Str: 25    XL:     13   Next: 97%
Magic:  0/6        EV:  4    Int: 10    God:    Trog [*****.]
Gold:   984        SH:  0    Dex: 12    Spells: 12/12 levels left

rFire    . . .     SeeInvis .   R - +5 battleaxe (antimagic)
rCold    + . .     Gourm    .   (shield currently unavailable)
rNeg     . . .     Faith    .   C - +0 crystal plate armour
rPois    +         Spirit   +   o - +2 hat
rElec    .         Reflect  .   q - +2 cloak {MR+}
rCorr    .         Harm     .   k - +0 pair of gloves
MR       +....                  y - +0 pair of boots
Stlth    ..........             m - amulet "Yxtetyna" {Spirit Int+6}
HPRegen  0.29/turn              b - ring of poison resistance
MPRegen  0.10/turn              A - ring of protection from cold

@: petrifying (expiring), berserk cooldown, hasted, quick
A: retaliatory headbutt, horns 2
a: Berserk, Trog's Hand, Brothers in Arms, Burn Spellbooks, Renounce Religion


You were on level 6 of the Lair of Beasts.
You worshipped Trog.
Trog was extremely pleased with you.
You were not hungry.

You visited 2 branches of the dungeon, and saw 17 of its levels.
You also visited: Ossuary.

You collected 984 gold pieces.

Inventory:

Hand Weapons
 p - a +5 hand axe of electrocution
 B - a +1 flail of holy wrath
 R - a +5 antimagic battleaxe (weapon)
Armour
 k - a +0 pair of gloves (worn)
 o - a +2 hat (worn)
 q - a +2 cloak of magic resistance (worn)
 y - a +0 pair of boots (worn)
 z - a +2 ring mail of magic resistance
 C - a +0 crystal plate armour (worn)
 U - a +1 ring mail of cold resistance
Magical Staves
 t - an uncursed staff of earth {unknown}
Jewellery
 b - a ring of poison resistance (left hand)
 j - an uncursed ring of poison resistance
 m - the amulet "Yxtetyna" (around neck) {Spirit Int+6}
   (You found it on level 4 of the Lair of Beasts)

   [amulet of guardian spirit]

   It causes incoming damage to be split between your health and magic.
   It affects your intelligence (+6).
 A - a ring of protection from cold (right hand)
Wands
 v - a wand of iceblast (6)
 x - a wand of digging (26)
 E - a wand of disintegration (19)
 J - a wand of enslavement (12)
 M - a wand of paralysis (27)
 N - a wand of clouds (7)
 V - a wand of acid (17)
Scrolls
 a - 13 scrolls of remove curse
 d - a scroll of fog
 f - 2 scrolls of fear {unknown}
 g - 8 scrolls of identify
 n - a scroll of enchant armour {unknown}
 w - a scroll of amnesia {unknown}
 D - a scroll of torment {unknown}
 H - a scroll of enchant weapon
 I - a scroll of magic mapping
 O - a scroll of holy word {unknown}
 S - a scroll of blinking {unknown}
 Z - a scroll of silence {unknown}
Potions
 e - 7 potions of curing
 h - a potion of agility {unknown}
 i - a potion of magic {unknown}
 l - a potion of berserk rage
 r - a potion of resistance {unknown}
 s - 3 potions of flight
 F - a potion of haste
 G - a potion of lignification {unknown}
 W - a potion of cancellation {unknown}
 X - a potion of mutation {unknown}
Miscellaneous
 P - a phial of floods (inert)
Comestibles
 c - 26 rations


   Skills:
 + Level 12.0 Fighting
 - Level 19.0 Axes
 + Level 12.1 Armour
 * Level 6.7 Dodging
 - Level 2.6 Stealth
 * Level 8.0 Evocations


You had 12 spell levels left.
You didn't know any spells.

Dungeon Overview and Level Annotations

Branches:
Dungeon (11/15)            Temple (0/1) D:4            Lair (6/6) D:10
  Swamp (0/4) Lair:3        Snake (0/4) Lair:3        Slime (0/5) Lair:5
    Orc (0/2) D:9

Altars:
Ashenzari
Elyvilon
Fedhas
Kikubaaqudgha
Nemelex Xobeh
Ru
Sif Muna
Trog
Vehumet
Xom
Zin
Beogh
Jiyva

Shops:
D:5 =   D:10 [

Annotations:
D:11 Psyche


Innate Abilities, Weirdness & Mutations

You reflexively headbutt those who attack you in melee.
You have a pair of horns on your head.


Message History

It was a potion of haste.
You feel yourself speed up.
You are engulfed in calcifying dust.
You are slowing down.
The bullfrog hits you.
* * * LOW HITPOINT WARNING * * *
The catoblepas gores you but does no damage.
Unknown command.
You slash the catoblepas!
The catoblepas is severely wounded.
The helpless spiny frog fails to defend itself.
You slice the spiny frog like a ripe choko!!!
The helpless yak fails to defend itself.
You slash the yak! You hit the plant. You slice the plant!!
You destroy the plant!
You slice the plant!! You completely miss the bullfrog.
You are engulfed in calcifying dust.
Your limbs have turned to stone.
The spiny frog is no longer petrified.
The bullfrog hits you but does no damage.
The spiny frog closely misses you. The catoblepas gores you!
You die...

. . ...# ...#...... . #...#
..P...... # ....#....## .........
# .$..##....##..P...... ....
#......#.....##P.≈.....
....##......##..§.##........
....#.....P..#..§PPF..≈.....
..P.#PP......#.P@YyS†..)....
...............FYF..............#
................................
...................†.....≈≈....#
................†.?†....≈≈≈≈≈..##
.........<.........†..≈≈≈≈≈≈≈...#
......................≈≈≈≈≈≈≈...#
......................≈≈≈≈≈≈.....
.......)P.P...........≈≈≈≈≈≈<....


You could see a catoblepas, a yak (petrified), 2 spiny frogs, a hornet
(petrified), a water moccasin (petrified) and a bullfrog.

Vanquished Creatures
  The ghost of Maize the Fighter, a journeyman MiBe of Trog (Lair:6)
  Harold (Lair:3)
  A death yak (D:10)
  The ghost of Tali the Cleaver, a novice MiFi of Trog (D:8)
  A wolf spider (Lair:6)
  A cyclops (D:10)
  14 elephants
  5 black mambas
  13 spiny frogs
  2 rime drakes
  6 komodo dragons
  2 trolls
  A merfolk (D:9)
  A hornet (Lair:6)
  Grinder (D:3)
  34 blink frogs
  8 hippogriffs
  A redback (Lair:6)
  15 yaks
  A basilisk (Lair:2)
  7 wyverns
  Grum (Lair:1)
  A hungry ghost (D:7)
  Menkaure (D:5)
  3 nagas (Lair:3)
  16 water moccasins
  13 porcupines
  4 ice beasts
  3 sky beasts
  3 orc warriors
  2 black bears
  4 ogres
  23 wolves
  14 crocodiles
  A big kobold (D:11)
  2 gnoll sergeants
  17 bullfrogs
  3 water moccasin zombies (Ossuary)
  2 scorpions
  A water moccasin skeleton (D:8)
  14 killer bees
  15 wights
  3 electric eels (D:6)
  6 crimson imps
  3 jellies
  10 orc wizards
  A centaur zombie (D:6)
  9 hounds
  Crazy Yiuf (D:2)
  A gnoll shaman (D:7)
  5 orc priests
  2 centaur skeletons
  2 bullfrog skeletons (D:9)
  An iguana (D:7)
  Natasha (thrice) (D:2)
  5 worker ants
  A hell rat (D:10)
  A killer bee zombie (D:6)
  A big kobold zombie (Ossuary)
  2 mummies (Ossuary)
  2 hound skeletons
  A worker ant zombie (D:10)
  16 gnolls
  2 howler monkey skeletons
  5 adders
  4 shadow imps
  An ooze (D:7)
  6 worms
  2 adder skeletons
  3 adder zombies (Ossuary)
  A dart slug (D:3)
  2 leopard geckos
  32 orcs
  4 giant cockroaches
  4 gnoll zombies (Ossuary)
  8 goblins
  3 hobgoblins
  11 jackals
  6 kobolds
  5 quokkas
  2 bats (D:2)
  A frilled lizard (D:2)
  3 hobgoblin zombies (Ossuary)
  4 kobold zombies (Ossuary)
  6 orc zombies (Ossuary)
  A quokka skeleton (D:5)
  A quokka zombie (D:6)
  6 rats
  19 fungi
  7 plants
485 creatures vanquished.

Vanquished Creatures (collateral kills)
  5 hydras
  3 two-headed ogres
  2 death yaks (D:10)
  An elephant (Lair:4)
  A centaur skeleton (D:10)
  A troll (D:9)
  Prince Ribbit (Lair:1)
  A yak (Lair:6)
  A bullfrog (Lair:5)
  A wight (D:8)
  A hell rat (D:10)
  2 worker ants
  A river rat (D:10)
  A rat (D:10)
22 creatures vanquished.

Vanquished Creatures (others)
  10 fungi
  29 plants
39 creatures vanquished.

Grand Total: 546 creatures vanquished

Notes
Turn   | Place    | Note
-------+----------+-------------------------------------------
     0 | D:1      | tasys the Minotaur Berserker began the quest for the Orb.
     0 | D:1      | Reached XP level 1. HP: 19/19 MP: 0/0
   172 | D:1      | Reached skill level 4 in Axes
   172 | D:1      | Reached XP level 2. HP: 27/27 MP: 1/1
   904 | D:2      | Noticed Natasha
   911 | D:2      | Killed Natasha
   911 | D:2      | Reached XP level 3. HP: 33/33 MP: 2/2
  1015 | D:2      | Found a glowing silver altar of Zin.
  1118 | D:2      | Noticed Natasha
  1122 | D:2      | Killed Natasha
  1122 | D:2      | Reached skill level 5 in Axes
  1421 | D:2      | Noticed Natasha
  1423 | D:2      | Killed Natasha
  1423 | D:2      | Reached XP level 4. HP: 41/41 MP: 3/3
  1629 | D:2      | Found a runed door.
  1633 | D:2      | Noticed Crazy Yiuf
  1637 | D:2      | Killed Crazy Yiuf
  1975 | D:3      | Reached XP level 5. HP: 47/47 MP: 4/4
  2127 | D:3      | Reached skill level 6 in Axes
  2382 | D:3      | Reached ** piety under Trog
  2468 | D:3      | Reached XP level 6. HP: 55/55 MP: 5/5
  2474 | D:3      | Noticed Grinder
  2686 | D:3      | Killed Grinder
  2686 | D:3      | Reached skill level 5 in Fighting
  2686 | D:3      | Reached skill level 7 in Axes
  2686 | D:3      | Reached skill level 1 in Stealth
  2827 | D:3      | You fall through a shaft!
  2873 | D:4      | Reached XP level 7. HP: 51/61 MP: 6/6
  2957 | D:4      | Reached skill level 8 in Axes
  2985 | D:4      | Found a shimmering altar of Xom.
  3008 | D:4      | Got a faintly glowing hand axe
  3009 | D:4      | Identified the +1 hand axe of Irritation {freeze, rPois MP+9 Str+3 Stlth+} (You found it on level 4 of the Dungeon)
  3153 | D:4      | Found a shattered altar of Ashenzari.
  3503 | D:4      | Found a staircase to the Ecumenical Temple.
  3888 | D:5      | Entered Level 5 of the Dungeon
  3897 | D:5      | Found Ylukhote's Jewellery Boutique.
  4472 | D:5      | Found an ancient bone altar of Kikubaaqudgha.
  4515 | D:5      | Reached *** piety under Trog
  4595 | D:5      | Reached skill level 9 in Axes
  4795 | D:5      | Found a white marble altar of Elyvilon.
  4856 | D:5      | Noticed Menkaure
  4875 | D:5      | Killed Menkaure
  4914 | D:6      | Reached XP level 8. HP: 70/70 MP: 7/7
  4935 | D:6      | Found a sparkling altar of Nemelex Xobeh.
  5014 | D:6      | Reached skill level 5 in Armour
  5439 | D:6      | Reached skill level 10 in Axes
  5564 | D:6      | Found a blossoming altar of Fedhas.
  6002 | D:7      | Reached skill level 11 in Axes
  6021 | D:7      | Reached **** piety under Trog
  6458 | D:7      | Reached XP level 9. HP: 75/78 MP: 8/8
  6521 | D:7      | Found a radiant altar of Vehumet.
  7024 | D:8      | Reached skill level 1 in Evocations
  7068 | D:8      | Found a sand-covered staircase.
  7070 | D:8      | Noticed Tali's ghost (novice MiFi)
  7197 | D:8      | Reached skill level 12 in Axes
  7552 | D:8      | Killed Tali's ghost
  7552 | D:8      | Reached XP level 10. HP: 86/86 MP: 10/10
  7604 | Ossuary  | Entered an ossuary
  7818 | D:8      | Noticed a two-headed ogre
  7825 | D:8      | Killed a two-headed ogre
  7825 | D:8      | Reached skill level 13 in Axes
  7838 | D:8      | Found a sacrificial altar of Ru.
  7935 | D:8      | Found a deep blue altar of Sif Muna.
  8642 | D:9      | Found a staircase to the Orcish Mines.
  8760 | D:9      | Found a bloodstained altar of Trog.
  8820 | D:9      | Found a roughly hewn altar of Beogh.
  9298 | D:10     | Entered Level 10 of the Dungeon
  9404 | D:10     | Noticed a two-headed ogre
  9411 | D:10     | Killed a two-headed ogre
  9411 | D:10     | Reached skill level 14 in Axes
  9475 | D:10     | Noticed a death yak
  9481 | D:10     | Killed a death yak
  9483 | D:10     | Found a staircase to the Lair.
  9484 | D:10     | Noticed a death yak
  9484 | D:10     | Noticed a death yak
  9501 | D:10     | Killed a death yak
  9501 | D:10     | Reached XP level 11. HP: 95/95 MP: 11/13
  9502 | D:10     | Killed a death yak
  9687 | D:10     | Found Oneutaf's Armour Shop.
 10173 | D:10     | Reached skill level 15 in Axes
 10384 | D:11     | Reached ***** piety under Trog
 10806 | D:11     | Noticed a two-headed ogre
 10812 | D:11     | Killed a two-headed ogre
 10850 | D:11     | Found a blossoming altar of Fedhas.
 10942 | D:11     | Noticed Psyche
 11016 | D:11     | Noticed a seven-headed hydra
 11101 | Lair:1   | Entered Level 1 of the Lair of Beasts
 11101 | Lair:1   | Noticed Prince Ribbit
 11101 | Lair:1   | Noticed Grum
 11115 | Lair:1   | Killed Grum
 11196 | Lair:1   | Noticed a seven-headed hydra
 11209 | Lair:1   | Killed a seven-headed hydra
 11209 | Lair:1   | Reached skill level 5 in Evocations
 11228 | Lair:1   | Killed Prince Ribbit
 11263 | Lair:1   | Reached skill level 16 in Axes
 11396 | Lair:1   | Reached skill level 10 in Armour
 11732 | Lair:1   | Reached XP level 12. HP: 106/106 MP: 15/15
 12179 | Lair:2   | Reached skill level 10 in Fighting
 12680 | Lair:2   | Received a gift from Trog
 12680 | Lair:2   | Reached skill level 17 in Axes
 13785 | Lair:3   | Noticed Harold
 13793 | Lair:3   | Killed Harold
 14237 | Lair:3   | Found a staircase to the Snake Pit.
 14528 | Lair:3   | Noticed a four-headed hydra
 14541 | Lair:3   | Killed a four-headed hydra
 14541 | Lair:3   | Reached XP level 13. HP: 114/114 MP: 5/17
 14651 | Lair:3   | Found a staircase to the Swamp.
 14863 | Lair:4   | You fall through a shaft for 2 floors!
 14863 | Lair:6   | Entered Level 6 of the Lair of Beasts
 14893 | Lair:5   | Reached skill level 18 in Axes
 15040 | Lair:4   | Got a polished mace
 15246 | Lair:4   | Reached skill level 5 in Dodging
 15524 | Lair:4   | Got a steaming lead amulet
 15526 | Lair:4   | Identified the amulet "Yxtetyna" {Spirit Int+6} (You found it on level 4 of the Lair of Beasts)
 16078 | Lair:5   | Found a staircase to the Slime Pits.
 16087 | Lair:5   | Found a viscous altar of Jiyva.
 17313 | Lair:6   | Noticed Maize's ghost (journeyman MiBe)
 17336 | Lair:6   | Killed Maize's ghost
 17336 | Lair:6   | Reached skill level 19 in Axes
 17437 | Lair:6   | Paralysed by a hornet for 2 turns
 17460 | Lair:6   | Slain by a catoblepas

Skill      XL: |  1  2  3  4  5  6  7  8  9 10 11 12 13 |
---------------+----------------------------------------+-----
Axes           | 4 5 6 7 9 11 12 14 16 17 19 | 19.0
Fighting       | 4 5 6 7 8 9 10 12 | 12.0
Armour         | 3 4 6 7 8 10 11 12 | 12.1
Stealth        | 1 2 |  2.6
Dodging        | 3 4 6 |  6.7
Evocations     | 2 4 5 6 8 |  8.0

Action                   |  1- 3 |  4- 6 |  7- 9 | 10-12 | 13-15 || total
-------------------------+-------+-------+-------+-------+-------++-------
Melee: Hand axe          |    45 |    62 |   241 |   473 |       ||   821
       Headbutt          |     4 |    14 |    34 |   104 |    81 ||   237
       Battleaxe         |       |       |       |   103 |   245 ||   348
Invok: Berserk           |     3 |     3 |    13 |    13 |     5 ||    37
       Burn Spellbooks   |       |       |     2 |     3 |       ||     5
       Brothers in Arms  |       |       |     1 |     8 |     4 ||    13
Evoke: Wand              |       |       |     1 |     3 |     2 ||     6
       Phial of floods   |       |       |       |       |     1 ||     1
  Use: Potion            |     1 |     1 |     5 |     4 |     2 ||    13
       Scroll            |       |     1 |    10 |     5 |     1 ||    17
 Stab: Petrified         |       |       |       |       |     5 ||     5
  Eat: Chunk             |     2 |     1 |    14 |    18 |     8 ||    43
       Ration            |     1 |     2 |     3 |     6 |     3 ||    15
Armor: Animal skin       |     7 |     1 |       |       |       ||     8
       Ring mail         |       |     3 |    26 |       |       ||    29
       Chain mail        |       |     3 |    34 |       |       ||    37
       Crystal plate arm |       |       |    44 |   345 |   298 ||   687
Dodge: Dodged            |    17 |    26 |    67 |   134 |    99 ||   343
